 Dungeon Crawl Stone Soup version 0.19.4-9-g45fd643 (console) character file.

216 Grinner the Sneak (level 5, -2/24 HPs)
             Began as a Spriggan Venom Mage on Feb 16, 2017.
             Killed from afar by an orc wizard (12 damage)
             ... with a puff of flame
             ... on level 3 of the Dungeon.
             The game lasted 00:15:43 (3918 turns).

Grinner the Sneak (Spriggan Venom Mage)             Turns: 3918, Time: 00:15:44

Health: -2/24      AC:  2    Str:  4    XL:     5   Next: 61%
Magic:  6/11       EV: 19    Int: 22    God:
Gold:   112        SH:  0    Dex: 17    Spells: 2 memorised, 7 levels left

rFire  . . .     SeeInvis +     a - +0 dagger
rCold  . . .     Gourm    .     d - +0 robe
rNeg   . . .     Faith    .     (shield restricted)
rPois  .         Spirit   .     (helmet restricted)
rElec  .         Reflect  .     (no cloak)
rCorr  .         Harm     .     (gloves unavailable)
MR     .....                    (boots unavailable)
Stlth  ++........               (no amulet)
                                e - ring of loudness (curse)
                                q - +5 ring of intelligence

@: very quick
A: unfitting armour, see invisible, herbivore 3, speed 3, slow metabolism 2
a: no special abilities


You were on level 3 of the Dungeon.
You were hungry.

You visited 1 branch of the dungeon, and saw 3 of its levels.

You collected 112 gold pieces.

Inventory:

Hand Weapons
 a - a +0 dagger (weapon)
 b - a +0 dagger of holy wrath
Armour
 d - a +0 robe (worn)
Jewellery
 e - a cursed ring of loudness (right hand)
 q - a +5 ring of intelligence (left hand)
Scrolls
 g - a scroll of random uselessness
 k - 3 scrolls of remove curse {unknown}
 m - 2 scrolls of recharging {unknown}
 o - a scroll of identify {unknown}
 s - a scroll of amnesia {unknown}
 u - a scroll of magic mapping {unknown}
Potions
 f - a potion of curing {unknown}
 h - a potion of magic {unknown}
 i - 3 potions of lignification {unknown}
 l - 2 potions of degeneration {unknown}
 n - a potion of brilliance {unknown}
 p - a potion of cure mutation {unknown}
 r - a potion of haste {unknown}
Books
 j - a Young Poisoner's Handbook

   Spells                             Type                      Level
   a - Sting                          Conjuration/Poison           1
   b - Mephitic Cloud                 Conjuration/Poison/Air       3
   c - Olgreb's Toxic Radiance        Poison                       4
   d - Alistair's Intoxication        Transmutation/Poison         5
   e - Venom Bolt                     Conjuration/Poison           5
 t - Sif Muna's Almanac of Talismans
   (You found it on level 2 of the Dungeon)

   Spells                             Type                      Level
   a - Infusion                       Charms                       1
Comestibles
 c - 2 bread rations


   Skills:
 + Level 2.1 Short Blades
 + Level 4.1 Dodging
 * Level 5.8 Stealth
 + Level 3.8 Spellcasting
 + Level 1.1 Conjurations
 + Level 4.3 Poison Magic


You had 7 spell levels left.
You knew the following spells:

 Your Spells              Type           Power        Failure   Level  Hunger
c - Mephitic Cloud        Conj/Pois/Air  ##......     17%         3    ###....
z - Sting                 Conj/Pois      ###.         4%          1    None


Dungeon Overview and Level Annotations

Branches:
Dungeon (3/15)

Altars:
Elyvilon
Kikubaaqudgha
Nemelex Xobeh
Sif Muna
Vehumet
Xom


Innate Abilities, Weirdness & Mutations

You are very small and have problems with some larger weapons.
You are too small for most types of armour.
You have supernaturally acute eyesight. (SInv)
You are a herbivore.
You cover ground extremely quickly.
You need consume almost no food.


Message History

The orc wizard seems to speed up.
Casting: Sting
Confirm with . or Enter, or press ? or * to list all spells.
Aiming: Sting
Press: ? - help, Shift-Dir - straight line, f/p - orc wizard
Aim: an orc wizard, wielding a dagger and wearing a robe (severely wounded, fast, poisoned)
The sting hits the orc wizard.
The orc wizard looks even sicker.
The orc wizard is almost dead.
The orc wizard hits you with a dagger. The orc wizard misses you.
Casting: Sting
Confirm with . or Enter, or press ? or * to list all spells.
Aiming: Sting
Press: ? - help, Shift-Dir - straight line, f/p - orc wizard
Aim: an orc wizard, wielding a dagger and wearing a robe (almost dead, fast, poisoned)
The sting hits the orc wizard.
The orc wizard appears unharmed.
The orc wizard is almost dead.
The orc wizard points at you and mumbles some strange words.
The puff of flame hits you!
Ouch! That really hurt!
You die...

##....#.##.#....##.###..#
#.....#.....#...........####
#_.⌠.#####.#.####..........####
#....# #.#.# #..####........
##..## #.#.# #..# ####.###.
.#.#### #.#.####..### #.# ##
.#.# #......<....# #.# ## ....#
##########.##.# #.# #. >.o..#
##.o)o.o@......#####.# #. #.....
#...#######..........# #. ##....
#...### ############ #.
#.....###.....## #.
...............# ##.
#...#..........# ##.. ..
#..........# #########...
.....###.....## #...........
..........[##########.###w###...


You could see 2 orc wizards and an orc.

Vanquished Creatures
  An orc wizard (D:3)
  2 orc priests (D:3)
  An adder (D:3)
  3 gnolls (D:3)
  An adder zombie (D:3)
  An ooze (D:1)
  A worm (D:2)
  2 dart slugs (D:2)
  2 leopard geckos
  3 orcs (D:3)
  A ball python (D:2)
  5 giant cockroaches
  8 goblins
  9 hobgoblins
  6 jackals
  2 quokkas (D:3)
  8 bats
  5 frilled lizards
  5 kobolds
  5 rats
71 creatures vanquished.

Vanquished Creatures (others)
  4 toadstools (D:1)
4 creatures vanquished.

Grand Total: 75 creatures vanquished

Notes
Turn   | Place    | Note
-------+----------+-------------------------------------------
     0 | D:1      | Grinner the Spriggan Venom Mage began the quest for the Orb.
     0 | D:1      | Reached XP level 1. HP: 9/9 MP: 5/5
   196 | D:1      | Reached XP level 2. HP: 13/13 MP: 4/6
  1058 | D:1      | Reached skill level 4 in Stealth
  1058 | D:1      | Reached XP level 3. HP: 16/16 MP: 4/8
  2038 | D:2      | Found a radiant altar of Vehumet.
  2038 | D:2      | Found an ancient bone altar of Kikubaaqudgha.
  2039 | D:2      | Found a deep blue altar of Sif Muna.
  2050 | D:2      | Identified Sif Muna's Almanac of Talismans
  2061 | D:2      | Learned a level 3 spell: Mephitic Cloud
  2169 | D:3      | Reached skill level 1 in Short Blades
  2291 | D:3      | Found a white marble altar of Elyvilon.
  2292 | D:3      | Found a sparkling altar of Nemelex Xobeh.
  2335 | D:3      | Reached XP level 4. HP: 8/21 MP: 3/9
  2770 | D:3      | Reached skill level 5 in Stealth
  3329 | D:3      | Reached XP level 5. HP: 16/24 MP: 11/11
  3337 | D:3      | Reached skill level 1 in Conjurations
  3624 | D:3      | Found a shimmering altar of Xom.
  3918 | D:3      | Killed from afar by an orc wizard

Skill      XL: |  1  2  3  4  5 |
---------------+----------------+-----
Spellcasting   | 3 |  3.8
Stealth        | 4 5 |  5.8
Short Blades   | 1 2 |  2.1
Conjurations   | 1 |  1.1
Dodging        | 4 |  4.1
Poison Magic   | |  4.3

Action                   |  1- 3 |  4- 6 || total
-------------------------+-------+-------++-------
Melee: Dagger            |   116 |    58 ||   174
 Cast: Sting             |    76 |    76 ||   152
  Use: Scroll            |     2 |       ||     2
 Stab: Sleeping          |     1 |       ||     1
Armor: Robe              |     7 |     2 ||     9
Dodge: Dodged            |   114 |    66 ||   180
